[Event "MCCT Chessable Masters 2022"]
[Site "Online"]
[Date "2022.05.16"]
[Round "1.1"]
[White "Tari, Aryan"]
[Black "Carlsen, Magnus"]
[Result "1/2-1/2"]
[ECO "C16"]
[WhiteElo "2654"]
[BlackElo "2864"]
[Annotator "TA"]
[PlyCount "77"]
[EventDate "2022.05.19"]
[EventType "tourn"]
[EventCountry "NET"]
[SourceTitle "playchess.com"]
[Source "ChessBase"]
[SourceQuality "1"]
[TimeControl "900+10"]

1. e4 e6 2. d4 d5 3. Nc3 Bb4 4. e5 b6 5. a3 Bf8 6. Bb5+ c6 7. Ba4 Ba6 8. Nce2 {[%emt 0:00:03] [#] C16: French: 3 Nc3 Bb4 4 e5: Lines without ...c5.} h5 $146 ({Predecessor:} 8... Bb5 9. Bxb5 cxb5 10. Ng3 Nc6 11. Nf3 g6 12. h4 h5 13. Ng5 Nh6 14. O-O Ne7 15. Ne2 Nhf5 16. Nf3 Nc6 17. Bg5 Be7 18. g3 Kf8 {½-½ (18) Radovic,J (2409)-Zlatanovic,B (2392) Kragujevac 2018}) 9. Nf3 Be7 10. h4 Nh6 11. c3 g6 12. Bg5 Bxe2 13. Qxe2 b5 14. Bc2 Nd7 15. a4 a6 (15... b4 $142) 16. O-O $36 {[%emt 0:01:26][%mdl 2048] White is in control.} Nb6 17. a5 Nd7 18. b4 {[%emt 0:00:02] Against c5} Bxg5 19. Nxg5 ({Don't take} 19. hxg5 Ng8 $16) 19... Nf8 20. Qd2 {[%emt 0:00:37] White is much more active.} Qe7 21. g3 Nf5 22. Rae1 O-O-O 23. Nh3 Nh7 24. Bxf5 ({White should try} 24. Kg2) 24... gxf5 25. Nf4 Rdg8 {[%emt 0:00:03] [#] aiming for ...Qxh4.} 26. Kh2 Nf8 27. f3 Ng6 28. Nxg6 (28. Kh3 $16) 28... fxg6 (28... Rxg6 $11 {keeps the balance.} 29. Rg1 Rhg8) 29. f4 Kb7 30. Kg2 Ka8 31. Kf2 (31. Kf3 {feels hotter.} Kb7 32. Rg1 Ra8 33. Kf2) 31... Kb7 32. Ke2 Ka8 33. Kd1 (33. Kf3 {is more complex.} Kb7 34. Ra1 Ra8 35. Qe2) 33... Kb7 34. Kc2 Ka8 35. Kb2 Kb7 36. Kb3 Ka8 37. Kb2 Kb7 38. Kb3 Ka8 $1 39. Kb2 {[%emt 0:00:01] Black escapes into a draw.  Weighted Error Value: White=0.12 (very precise) /Black=0.07 (flawless)} (39. Kc2 $16) 1/2-1/2

[Event "MCCT Chessable Masters 2022"]
[Site "Online"]
[Date "2022.05.16"]
[Round "1.2"]
[White "Grandelius, Nils"]
[Black "Giri, Anish"]
[Result "1/2-1/2"]
[ECO "B22"]
[WhiteElo "2635"]
[BlackElo "2761"]
[Annotator "TA"]
[PlyCount "80"]
[EventDate "2022.05.19"]
[EventType "tourn"]
[EventCountry "NET"]
[SourceTitle "playchess.com"]
[Source "ChessBase"]
[SourceQuality "1"]
[TimeControl "900+10"]

1. e4 c5 2. c3 Nf6 3. e5 Nd5 4. Bc4 e6 5. Nf3 d6 6. d4 cxd4 7. cxd4 Be7 {[%emt 0:00:00] The position is equal.} 8. O-O {[%emt 0:00:03] B22: Sicilian: 2 c3.} O-O 9. Qe2 a6 10. Rd1 b5 {[%emt 0:00:45] [#]} 11. Bxd5 $146 ({Predecessor:} 11. Bd3 Bb7 12. Qe4 g6 13. Bh6 Re8 14. Nbd2 Nd7 15. Qg4 dxe5 16. dxe5 Nb4 17. Be4 Bxe4 18. Nxe4 {½-½ (47) Rakhmangulova,A (2229)-Stalmach,R (2306) Frydek Mistek 2022}) 11... exd5 12. Nc3 Be6 13. Bf4 Nc6 14. exd6 Bxd6 15. Bxd6 Qxd6 16. Ne5 {[%emt 0:00:00] Prevents Bg4.} Ne7 17. Qd2 Bf5 18. Rac1 Rac8 19. Ne2 f6 {[%emt 0:00:17] [#] Hoping for ...Rxc1.} 20. Nd3 Bxd3 21. Qxd3 Rc4 22. b3 Rxc1 23. Rxc1 Rc8 24. Rxc8+ Nxc8 $11 {[%emt 0:00:00][%mdl 4096] Endgame KQN-KQN} 25. g3 Ne7 26. Nf4 g5 27. Ng2 Qe6 28. f3 Qf5 29. Qxf5 Nxf5 {[%emt 0:00:02] KN-KN} 30. Kf2 Kf7 31. Ne3 Ke6 32. Nxf5 Kxf5 {[%emt 0:00:00] KP-KP} 33. b4 Kg6 34. g4 h6 35. h3 Kf7 36. Ke3 Ke6 37. Kd3 Kd6 38. Ke3 Ke6 39. Kd3 Kd6 40. Ke3 Ke6 {[%emt 0:00:00] An even fight not without its subleties.  Weighted Error Value: White=0.03 (flawless) /Black=0.02 (flawless)} 1/2-1/2

[Event "MCCT Chessable Masters 2022"]
[Site "Online"]
[Date "2022.05.16"]
[Round "1.3"]
[White "Praggnanandhaa R"]
[Black "Wei, Yi"]
[Result "1/2-1/2"]
[ECO "B51"]
[WhiteElo "2642"]
[BlackElo "2727"]
[Annotator "TA"]
[PlyCount "85"]
[EventDate "2022.05.19"]
[EventType "tourn"]
[EventCountry "NET"]
[SourceTitle "playchess.com"]
[Source "ChessBase"]
[SourceQuality "1"]
[TimeControl "900+10"]

1. e4 c5 2. Nf3 d6 3. Bb5+ Nd7 4. a4 Ngf6 5. Nc3 a6 6. Be2 {[%emt 0:00:09] B51: Sicilian: Moscow Variation (3 Bb5+) without 3...Bd7.} b6 7. d4 cxd4 8. Qxd4 Bb7 9. O-O e5 10. Qe3 Be7 11. Nd2 O-O 12. Rd1 Qc7 13. Nc4 Nc5 14. Bf3 {[%emt 0:03:39] [#]} Rad8 $146 {[%emt 0:00:04][%cal Oc5a4] The position is equal.} ({Predecessor:} 14... Rab8 15. b3 Ne6 16. Qxb6 Qxb6 17. Nxb6 Nd4 18. Bg5 Bc6 19. a5 Nxc2 20. Rac1 Nd4 {1-0 (79) Alsina Leal,D (2474)-Dylag,E (2070) Prague 2020}) 15. Qe2 Ncxe4 16. Nxe4 ({Don't play} 16. Bxe4 Nxe4 17. Nxe4 d5 18. Nxe5 dxe4 19. Rxd8 (19. Bf4 $2 Rxd1+ 20. Rxd1 Bd6 $19) 19... Rxd8 $15) 16... Nxe4 17. Bxe4 Bxe4 18. Qxe4 {[%emt 0:00:18] [#] Ne3 is the strong threat.} d5 $1 19. Qxe5 ({But not} 19. Rxd5 Rxd5 20. Qxd5 Rd8 $17) 19... dxc4 20. Bf4 Rxd1+ 21. Rxd1 {[%emt 0:00:03] [#]} Rd8 $1 22. Rxd8+ (22. Qxc7 $2 Rxd1#) 22... Qxd8 $11 {[%emt 0:00:03][%mdl 4096] Endgame KQB-KQB} 23. g3 Bf6 24. Qe4 Qc8 25. c3 b5 26. axb5 axb5 27. Qd5 Qe8 28. Kg2 g6 29. Bh6 Bg7 30. Be3 h5 31. h3 Qe5 32. Qd8+ Kh7 33. Qd7 Qe4+ 34. Kh2 Qf5 35. Qb7 Kg8 36. Kg2 Bf6 37. Qc6 Kh7 38. Qb7 Kg7 39. h4 Kg8 40. Qa8+ Kg7 41. Qb7 Kg8 42. Qa8+ Kg7 43. Qb7 {[%emt 0:00:05] A balanced but interesting game.  Weighted Error Value: White=0.02 (flawless) /Black=0.02 (flawless)} 1/2-1/2

[Event "MCCT Chessable Masters 2022"]
[Site "Online"]
[Date "2022.05.16"]
[Round "1.4"]
[White "Harikrishna, Pentala"]
[Black "Vidit, Santosh Gujrathi"]
[Result "1/2-1/2"]
[ECO "D41"]
[WhiteElo "2705"]
[BlackElo "2723"]
[Annotator "TA"]
[PlyCount "87"]
[EventDate "2022.05.19"]
[EventType "tourn"]
[EventCountry "NET"]
[SourceTitle "playchess.com"]
[Source "ChessBase"]
[SourceQuality "1"]
[TimeControl "900+10"]

1. d4 {[%emt 0:00:00] Giri,Anish} Nf6 2. c4 e6 3. Nf3 d5 4. Nc3 c5 5. cxd5 cxd4 6. Qxd4 exd5 7. e4 {[%emt 0:00:04][%cal Re4d5] D41: Queen's Gambit Declined: Semi-Tarrasch with 5 cxd5.} dxe4 $1 {[%emt 0:00:02][%mdl 4] is recently more successful than 7...Nc6.} 8. Qxd8+ Kxd8 9. Ng5 Be6 10. Bb5 {[%emt 0:00:02][%cal Bf1b5,Bb5a4,Ba4c2,Bc2b3,Bb3d5][%mdl 1056] White has compensation.} a6 11. Ba4 Nbd7 12. O-O {[%emt 0:00:34] [#]} Nc5 $146 ({Predecessor:} 12... b5 13. Bb3 Ke7 14. Be3 h6 15. Ngxe4 Ke8 16. Bd4 Bb4 17. Rae1 Ke7 18. f4 Rhd8 {1-0 (36) Giri,A (2764)-Vidit,S (2726) chess24.com INT 2021 CBM 201 [Giri,Anish]}) 13. Rd1+ Ke7 14. Bc2 Rc8 15. Be3 (15. Ngxe4 Ncxe4 16. Bxe4 Rxc3 $1 17. Bxb7 Rc7 18. Bxa6 Rd7 $17) 15... h6 16. Bxc5+ ({Much weaker is} 16. Ngxe4 Ncxe4 17. Bxe4 {[#]} Rxc3 $1 18. bxc3 Nxe4 $17) 16... Rxc5 17. Ngxe4 {[%emt 0:00:02] Pair of Knights!} Rc6 18. Bb3 Nxe4 19. Nxe4 g6 20. Bd5 Rc2 21. Bxb7 Bg7 22. Bd5 Bxb2 23. Bxe6 ({Reject} 23. Rab1 Rd8 24. Bxe6 Rxd1+ 25. Rxd1 Kxe6 $15) 23... Kxe6 ({But not} 23... Bxa1 24. Bb3 Rc6 25. Rxa1 $16) (23... fxe6 $5 24. Rab1 Rd8 $11) 24. Rab1 Rhc8 25. Re1 f5 26. Nd2+ {[%emt 0:01:08] The position is equal.} Kf6 27. Nf3 Rd8 28. Kf1 Rd6 29. Re2 Rxe2 30. Kxe2 $11 {[%emt 0:00:01][%mdl 4096] Endgame KRB-KRN} Re6+ 31. Kf1 Ba3 32. h3 Bc5 33. Rc1 Bb6 34. Nd2 g5 35. Rc8 Ba5 36. Rc2 h5 37. g3 Bxd2 38. Rxd2 {[%emt 0:00:02] KR-KR} g4 39. hxg4 hxg4 40. Rd5 Re5 41. Rd6+ Re6 42. Rd5 Re5 43. Rd6+ Re6 44. Rd5 {[%emt 0:00:04] An interesting draw.  Weighted Error Value: White=0.03 (flawless) /Black=0.03 (flawless)} 1/2-1/2

[Event "MCCT Chessable Masters 2022"]
[Site "Online"]
[Date "2022.05.16"]
[Round "1.5"]
[White "Jones, Gawain C B"]
[Black "Shankland, Sam"]
[Result "0-1"]
[ECO "B22"]
[WhiteElo "2669"]
[BlackElo "2718"]
[Annotator "TA"]
[PlyCount "96"]
[EventDate "2022.05.19"]
[EventType "tourn"]
[EventCountry "NET"]
[SourceTitle "playchess.com"]
[Source "ChessBase"]
[SourceQuality "1"]
[TimeControl "900+10"]

1. e4 c5 2. c3 Nf6 3. e5 Nd5 4. Nf3 d6 5. d4 cxd4 6. cxd4 Nc6 7. Bc4 dxe5 8. dxe5 Be6 {[%emt 0:00:01][%cal Od5e3] B22: Sicilian: 2 c3.} 9. O-O g6 10. Ng5 {[%emt 0:00:06] The main line 10.Ng5 scores better than 10.Qe2.} Bg7 {[%emt 0:00:03] The position is equal.} 11. Nxe6 fxe6 12. f4 Qa5 $5 {[%emt 0:00:08][%mdl 4] [#] Against Nc3. ...Qc5+ is the strong threat. An interesting side line.} 13. Bxd5 $146 ({Predecessor:} 13. Kh1 Qc5 14. Na3 O-O 15. Qg4 Nd4 16. Bd2 Nf5 17. Qe2 Rac8 18. Rac1 Qb6 19. b3 {0-1 (48) Wagner,B-Heinrich,R freechess.de 2014}) 13... exd5 14. Nc3 e6 15. Qg4 Nd4 16. Be3 Nf5 {[%emt 0:00:03][%cal Bd4f5,Bf5e7,Be7c6][%mdl 32] [#] And now ...d4 would win.} 17. Bf2 O-O 18. Qe2 Rac8 19. g4 Ne7 20. Bh4 Nc6 21. Nb5 (21. Rad1 $11) 21... Qb4 22. Bg3 $1 Nd4 $36 {[%emt 0:00:49][%mdl 2048] Black has some pressure.} 23. Nxd4 Qxd4+ 24. Rf2 Rc4 25. Raf1 Rfc8 26. Kh1 Qe4+ 27. Qxe4 Rxe4 ({But not} 27... dxe4 28. b3 e3 29. Re2 $11 (29. bxc4 exf2 30. Rxf2 Rxc4 $11)) 28. Kg2 Kf7 {[%emt 0:00:09] Black is more active.} 29. Rd1 h5 30. h3 hxg4 31. hxg4 g5 $1 32. f5 {[%emt 0:01:10] Black keeps a firm grip on the game.} ({Better is} 32. Rdf1 $15) 32... Bxe5 (32... Rxg4 {is interesting.} 33. f6 Bh6 34. Rh1 Kg6) 33. Bxe5 Rxe5 34. fxe6+ (34. Rh1 $142) 34... Kxe6 $17 {[%emt 0:00:05][%mdl 4096] Endgame KRR-KRR} 35. Rdf1 d4 36. Rf6+ $2 (36. Rd2 {was worth a try.}) 36... Kd5 $19 37. R1f2 $2 (37. Rf7 Rc2+ 38. R1f2) 37... d3 38. Rf7 Ke4 39. Rf1 Rc2+ 40. Kg3 Rxb2 (40... d2 $142 {Strongly threatening ...Rc1.} 41. Rd1 Ke3) 41. Re1+ (41. Rd1 $142 d2 42. Kf2) 41... Kd4 {[%emt 0:00:22] ( -> ...d2)} 42. Rd7+ Rd5 43. Rde7 d2 44. Rd1 Kd3 {[%emt 0:00:06] Black mates.} 45. Kf3 Rb4 46. Rh1 Rf4+ 47. Kg3 Re4 48. Rxb7 Re1 {[%emt 0:00:02] Weighted Error Value: White=0.89/Black=0.18 (very precise)} 0-1

[Event "MCCT Chessable Masters 2022"]
[Site "Online"]
[Date "2022.05.16"]
[Round "1.6"]
[White "Anton Guijarro, David"]
[Black "Mishra, Abhimanyu"]
[Result "1-0"]
[ECO "D30"]
[WhiteElo "2691"]
[BlackElo "2535"]
[Annotator "TA"]
[PlyCount "105"]
[EventDate "2022.05.19"]
[EventType "tourn"]
[EventCountry "NET"]
[SourceTitle "playchess.com"]
[Source "ChessBase"]
[SourceQuality "1"]
[TimeControl "900+10"]

1. d4 d5 2. c4 c6 3. Nf3 Nf6 4. e3 e6 5. Nbd2 Be7 6. b3 O-O 7. Bd3 Nbd7 8. O-O dxc4 9. bxc4 c5 10. Bb2 cxd4 11. exd4 b6 {[%emt 0:00:04] D30: Queen's Gambit Declined: Systems without Nc3.} 12. Qe2 Bb7 13. Rfe1 Re8 {[%emt 0:00:30] The position is equal.} 14. Rad1 Qc7 {[%emt 0:00:56] [#]} 15. Ng5 $146 ({Predecessor:} 15. h4 Ng4 16. g3 Ngf6 17. a3 Rad8 18. Bb1 Bd6 19. Ne5 Nxe5 20. dxe5 Bc5 21. Ne4 Nxe4 22. Bxe4 Bxe4 23. Qxe4 {½-½ (42) Goryachkina,A (2434)-Bulmaga,I (2357) Plovdiv 2014}) 15... Bf8 16. Rc1 g6 17. Ndf3 h6 18. Ne4 Nxe4 19. Bxe4 Bxe4 20. Qxe4 Bg7 21. h3 Rac8 22. a4 Nc5 23. Qc2 Nb7 24. d5 Bxb2 25. Qxb2 exd5 26. cxd5 Qf4 27. Rxc8 Rxc8 28. Ne5 Re8 29. Re3 {[%emt 0:00:24][%cal Oe5g6] [#] Threatens to win with Nxg6!} Nd6 30. Ng4 Rxe3 31. fxe3 $11 {[%emt 0:00:00][%mdl 4096] Endgame KQN-KQN} Qg3 32. Nxh6+ Kh7 33. Ng4 $36 {[%emt 0:00:09][%mdl 2048] [#] Strongly threatening Nf6+. White is more active.} Nf5 $2 (33... Qe1+ $2 34. Kh2 Nf5 35. Qe5 $18) (33... Ne4 $1 $11 {and Black has nothing to worry.}) 34. Qf2 $18 Qxf2+ 35. Kxf2 {[%emt 0:00:00] KN-KN} ({Don't take} 35. Nxf2 $6 Kg7 $14) 35... Nd6 36. Kf3 (36. Ke2 $18) 36... f5 (36... b5 $16 {is a better defense.}) 37. Ne5 {[%emt 0:00:34] Black must now prevent g4.} Kg7 38. Nc6 {[%emt 0:00:09] aiming for Kf4.} a6 $2 (38... a5 39. Kf4 Kf6) 39. g4 Kf6 40. h4 a5 (40... g5 $142 41. gxf5 Kxf5) 41. Kf4 fxg4 42. Kxg4 b5 43. axb5 a4 44. b6 a3 45. Nb4 Ke5 46. Kg5 {[%emt 0:00:06] White mates.} Nb7 47. Kxg6 Kd6 48. h5 Kc5 49. Na2 Kc4 50. h6 Kb3 51. h7 Kxa2 52. h8=Q Kb1 53. Qh1+ {[%emt 0:00:11] Weighted Error Value: White=0.07 (flawless) /Black=0.47} 1-0

[Event "MCCT Chessable Masters 2022"]
[Site "Online"]
[Date "2022.05.16"]
[Round "1.7"]
[White "Ding, Liren"]
[Black "Van Foreest, Jorden"]
[Result "1-0"]
[ECO "D32"]
[WhiteElo "2806"]
[BlackElo "2715"]
[Annotator "TA"]
[PlyCount "69"]
[EventDate "2022.05.19"]
[EventType "tourn"]
[EventCountry "NET"]
[SourceTitle "playchess.com"]
[Source "ChessBase"]
[SourceQuality "1"]
[TimeControl "900+10"]

1. Nf3 d5 2. e3 Nf6 3. c4 e6 4. Nc3 c5 5. d4 Nc6 6. cxd5 exd5 7. Bb5 a6 8. Bxc6+ bxc6 9. O-O Bd6 10. dxc5 Bxc5 11. b3 O-O 12. Bb2 {[%emt 0:00:05] D32: Tarrasch Defence: Sidelines and lines without g3.} Bd6 13. Rc1 Bg4 14. Ne2 {[%emt 0:00:08] White has an edge.} c5 15. Ng3 {[%emt 0:02:58] [#]} Rc8 $146 (15... Bxg3 $11 {remains equal.} 16. hxg3 Ne4) ({Predecessor:} 15... Bxg3 16. hxg3 Ne4 17. Qd3 Be6 18. Nd2 Nxd2 19. Qxd2 c4 20. Qc3 f6 21. Rfd1 Qb6 22. bxc4 {½-½ (22) Nisipeanu,L (2686)-Melkumyan,H (2633) Sydney 2014}) 16. Bxf6 $16 gxf6 17. h3 Be6 18. Nh4 Kh8 19. Nhf5 Bb8 20. Nh6 f5 (20... Bxg3 $14 21. fxg3 Qc7) 21. Ngxf5 {[%emt 0:00:29][%cal Oc1c5] Strongly threatening Rxc5! Pair of Knights!} ({Resist} 21. Nhxf5 $6 Qf6 $14) 21... Qf6 22. Qh5 Rfe8 23. f4 {[%emt 0:00:40] White is more active.} (23. Qf3 $16) 23... Qg6 $11 24. g4 Qxh5 25. gxh5 d4 $1 26. Kh2 dxe3 27. Nxe3 Rcd8 28. Kg3 Rd2 29. Rxc5 Rxa2 30. Nc4 {[%emt 0:00:20] Prevents Rb2.} Rd8 31. Rf3 Rd1 $2 {[%emt 0:00:40] [#]} (31... Kg7 $11 32. Ng4 h6) 32. Kh4 (32. Nxf7+ $1 $16 Kg7 (32... Bxf7 33. Rc8+) 33. Nfe5) 32... Ba7 $2 {[%emt 0:00:07][%mdl 8192] [#]} (32... Rg2 $14) 33. Rg3 $1 {[%emt 0:00:19][%csl Gh6][%cal Rg3g8] White mates.} Rd8 {[%emt 0:01:02] [#]} 34. Ne5 $1 Bxc5 (34... Rf8 35. Nhxf7+) 35. Nexf7+ {[%emt 0:00:02] Weighted Error Value: White=0.20 (precise) /Black=0.50} 1-0

[Event "MCCT Chessable Masters 2022"]
[Site "Online"]
[Date "2022.05.16"]
[Round "1.8"]
[White "Hansen, Eric"]
[Black "Mamedyarov, Shakhriyar"]
[Result "1/2-1/2"]
[ECO "C77"]
[WhiteElo "2606"]
[BlackElo "2770"]
[Annotator "TA"]
[PlyCount "120"]
[EventDate "2022.05.19"]
[EventType "tourn"]
[EventCountry "NET"]
[SourceTitle "playchess.com"]
[Source "ChessBase"]
[SourceQuality "1"]
[TimeControl "900+10"]

1. e4 e5 2. Nf3 Nc6 3. Bb5 a6 4. Ba4 Nf6 5. d3 b5 6. Bb3 Bc5 7. a4 {[%emt 0:00:42] White wants to play axb5. 7.c3 gains popularity.} Rb8 {[%emt 0:00:04] C77: Ruy Lopez: 3...a6 4 Ba4 Nf6, unusual lines.} 8. axb5 axb5 9. Nc3 d6 10. Nd5 Nxd5 11. Bxd5 Ne7 12. Bb3 O-O 13. c3 Bb6 14. O-O h6 15. h3 Ng6 16. d4 Qf6 17. Be3 Nf4 18. Kh2 {[%emt 0:00:02] [#]} c5 $146 ({Predecessor:} 18... g5 19. Ng1 b4 20. g3 bxc3 21. bxc3 Ne6 22. Nf3 Bb7 23. Bd5 exd4 24. cxd4 Bxd5 25. exd5 {½-½ (41) Gareyev,T (2551)-Tarlev,K (2454) Moscow 2007}) 19. Bc2 Re8 20. d5 c4 21. Ng1 Qg6 22. Qf3 {[%emt 0:01:09] [#]} (22. Bxf4 $11 exf4 23. Nf3) 22... Nxd5 $1 $17 23. Bxb6 Rxb6 24. Rfd1 Nf6 25. Qe3 Rb8 26. Rd2 Rd8 27. Rad1 Ne8 28. f4 Qf6 29. fxe5 Qxe5+ 30. Kh1 Bb7 31. Nf3 Qg3 32. Qa7 Bc6 ({Better is} 32... Nf6 $17 33. Rxd6 Re8) 33. Nd4 $15 Bd7 34. Ne2 Qh4 35. Qe3 $1 Qe7 36. Qf4 (36. e5 $11) 36... b4 $17 37. cxb4 Rxb4 38. Nc3 {[%emt 0:00:03] Nd5 is the strong threat.} Rxb2 39. e5 {[%emt 0:02:20] Against Nf6} dxe5 ({Of course not} 39... Qxe5 $6 40. Qxe5 dxe5 41. Bh7+ Kxh7 42. Rxb2 $11) 40. Qe3 Kh8 {[%emt 0:00:57] Inhibits Bh7.} 41. Nd5 Qg5 (41... Qe6 $17 {[%cal Ob2c2] And now ...Rxc2! would win.} 42. Qc3 Rbb8) 42. Qa3 {[%emt 0:00:04] [#]} (42. Qxg5 $1 $11 hxg5 43. Ne3) 42... Rxc2 $1 43. Rxc2 {[%emt 0:00:22] Hoping for Qf8+.} Bc6 44. Rcd2 ({Don't go for} 44. Qf8+ $2 Kh7 45. Qc5 Ba4 46. Qxc4 Bxc2 47. Qxc2+ f5 $19) (44. Qc5 $1 $15 Rd6 45. Ne3) 44... Kh7 (44... Rd6 $17 {Threatens to win with ...e4.} 45. Qb2 Ba4) 45. Qc3 (45. Qe3 $11 {remains equal.}) 45... Nd6 (45... Ba4 $17 46. Re1 f6) 46. Qc2+ (46. Qe3 $1 $11 {was the only way to keep the balance.} Ba4 47. Qxg5 hxg5 48. Ra1) 46... g6 ({Black should try} 46... f5 $17 {aiming for ...Ra8.} 47. Nc3 Qg6) 47. Nc3 $11 {[%emt 0:00:18] The position is equal.} Nb7 48. Rxd8 Nxd8 49. Nd5 Qh4 50. Qc3 Bxd5 51. Rxd5 {[%emt 0:00:01][%mdl 4096] Endgame KQR-KQN} Nc6 52. Qf3 Kg7 53. Rd7 Ne7 $1 (53... Qf6 $2 54. Qxf6+ Kxf6 55. Rd6+ Ke7 56. Rxc6 $18) 54. Qb7 Nf5 55. Rxf7+ Kg8 56. Rd7 {[%emt 0:00:24] White threatens Qc8+ and mate.} Qe1+ 57. Kh2 Qg3+ 58. Kh1 Qe1+ 59. Kh2 {[%emt 0:00:00][%cal Rd7d8] Chess con chili.} Qg3+ 60. Kh1 Qe1+ {[%emt 0:00:01] Weighted Error Value: White=0.15 (very precise) /Black=0.13 (very precise)} 1/2-1/2

[Event "MCCT Chessable Masters 2022"]
[Site "Online"]
[Date "2022.05.16"]
[Round "2.1"]
[White "Carlsen, Magnus"]
[Black "Mamedyarov, Shakhriyar"]
[Result "1/2-1/2"]
[ECO "A20"]
[WhiteElo "2864"]
[BlackElo "2770"]
[Annotator "TA"]
[PlyCount "113"]
[EventDate "2022.05.19"]
[EventType "tourn"]
[EventCountry "NET"]
[SourceTitle "playchess.com"]
[Source "ChessBase"]
[SourceQuality "1"]
[TimeControl "900+10"]

1. c4 e5 2. g3 (2. Nc3 Bb4 3. Nd5 Be7 4. Nf3 d6 5. d4 Nf6 6. Nxe7 Qxe7 7. e3 exd4 8. Nxd4 O-O 9. Be2 Rd8 10. O-O c5 11. Nf3 Nc6 12. Bd2 d5 13. cxd5 Rxd5 14. Qb3 Be6 15. Bc3 Ne4 16. Bc4 Rd6 17. Bxe6 Rxe6 {0-1 (65) Carlsen,M (2864)-Mamedyarov,S (2771) Oslo 2022}) 2... c6 3. d4 e4 4. d5 Nf6 5. Bg2 Bb4+ 6. Bd2 {[%emt 0:00:08] A20: English Opening: 1...e5.} Qe7 7. Nc3 O-O 8. a3 Bxc3 9. Bxc3 cxd5 10. cxd5 d6 11. Nh3 {[%emt 0:00:16] [#]} Nbd7 $146 ({Predecessor:} 11... Bf5 12. O-O Nbd7 13. Nf4 h6 14. f3 Ne5 15. Qd4 Rfc8 16. Rad1 b5 17. Qe3 Nc4 {½-½ (69) Ding,L (2782)-Anand,V (2803) Bilbao 2015}) 12. O-O Re8 13. Nf4 Ne5 14. f3 Ng6 15. Nxg6 hxg6 16. Qd4 {[%emt 0:00:40] fxe4 is the strong threat.} exf3 17. Rxf3 Qe4 18. Qf2 (18. Qxe4 $142 Nxe4 19. Bd4) 18... Bf5 $11 (18... Qxe2 $2 19. Rxf6 Qxf2+ 20. Rxf2 $18) 19. Re1 Ng4 20. Qd4 Qxd4+ 21. Bxd4 {[%emt 0:00:04] This bishop pair is nice.} Be4 22. Rf4 Bxg2 23. Kxg2 Ne3+ 24. Bxe3 Rxe3 {[%emt 0:00:00][%mdl 4096] Endgame KRR-KRR} 25. Rb4 b6 26. Kf2 Rae8 27. Ra4 {[%emt 0:00:14] The position is equal.} a5 28. Rc4 Rb3 29. Rc2 f5 30. Rd1 Kf7 31. Rdd2 Kf6 32. Rc6 Rd8 33. Rdc2 g5 34. R2c3 Rxc3 35. bxc3 {[%emt 0:00:19] KR-KR} b5 36. Rb6 Ke5 37. Rxb5 Rh8 38. Kg2 Rc8 39. Rxa5 Rxc3 40. a4 Ra3 41. Ra7 g4 42. a5 g5 43. a6 Kxd5 44. Ra8 Ra2 45. Kf1 f4 46. a7 f3 47. Rg8 fxe2+ 48. Kf2 Rxa7 49. Rxg5+ Ke4 {[%emt 0:00:09] [#] Strongly threatening ...Rh7.} 50. Kxe2 Ra2+ 51. Kd1 Kf3 ({Don't play} 51... Rxh2 52. Rxg4+ Kd3 53. Ke1 $15) 52. Rh5 d5 {[%emt 0:00:02] aiming for ...d4.} 53. h3 Kxg3 54. hxg4 Kxg4 55. Rxd5 Rf2 56. Rd2 Rxd2+ 57. Kxd2 {[%emt 0:00:00] A balanced but interesting game.  Weighted Error Value: White=0.04 (flawless) /Black=0.02 (flawless)} 1/2-1/2

[Event "MCCT Chessable Masters 2022"]
[Site "Online"]
[Date "2022.05.16"]
[Round "2.2"]
[White "Van Foreest, Jorden"]
[Black "Hansen, Eric"]
[Result "0-1"]
[ECO "C51"]
[WhiteElo "2715"]
[BlackElo "2606"]
[Annotator "TA"]
[PlyCount "80"]
[EventDate "2022.05.19"]
[EventType "tourn"]
[EventCountry "NET"]
[SourceTitle "playchess.com"]
[Source "ChessBase"]
[SourceQuality "1"]
[TimeControl "900+10"]

1. e4 e5 2. Nf3 Nc6 3. Bc4 Bc5 4. b4 Bxb4 5. c3 Be7 6. d4 Na5 7. Be2 d6 {[%emt 0:00:04] C51: Evans Gambit: Declined and Accepted without 5...Ba5.} 8. Qa4+ c6 9. dxe5 dxe5 {[%emt 0:00:21] The position is equal.} 10. Nxe5 Nf6 11. O-O O-O 12. Bf4 b5 13. Qc2 Re8 $5 {[%emt 0:00:20][%mdl 4] [#] Leaves trodden paths.} 14. Rd1 $146 ({Predecessor:} 14. Nf3 Bg4 15. Nbd2 Bh5 16. Bd3 Bg6 17. Ne5 Bd6 18. Nxg6 hxg6 19. Bxd6 Qxd6 20. Nf3 Nd7 21. Rad1 Qc7 22. Ng5 Ne5 23. f4 Nxd3 24. Qxd3 {½-½ (24) Gonzalez Perez,A (2472)-Veiga,J (2322) Penafiel 2020}) 14... Qb6 15. Nd2 Be6 16. Ndf3 Ng4 17. Nxg4 Bxg4 18. Ne5 Be6 19. Qd3 Rad8 20. Qg3 Rxd1+ 21. Rxd1 Rd8 22. Ra1 Qc5 23. h4 Bf6 24. h5 h6 25. Rc1 Qa3 {[%emt 0:00:33] And now ...Bxe5 would win.} 26. Nf3 {[%emt 0:00:30] Strongly threatening e5.} Kh8 (26... Bxc3 $2 {[#]} 27. Rxc3 $1 Qxc3 28. Be5 Qc1+ 29. Kh2 $18) (26... Qxa2 $2 27. e5 Be7 28. Bxh6 $1 $18) 27. e5 Be7 28. Nd4 Qxa2 (28... Bxa2 $11 29. Rd1 (29. Nf5 Bf8 $11) 29... Rg8) 29. Rc2 (29. Nxe6 $14 Qxe6 30. Ra1) 29... Qb1+ $11 30. Kh2 $2 {[%emt 0:00:18][%mdl 8192] [#]} (30. Rc1 $11 Qb2 31. Bd3) 30... Rxd4 $1 $19 31. Rc1 Qe4 32. cxd4 Qxe2 33. Ra1 Qxh5+ 34. Kg1 Nb3 35. Rxa7 Qd1+ 36. Kh2 {[%emt 0:00:01] [#]} Nxd4 $1 {[%emt 0:00:01] ( -> ...Qh5+)} 37. f3 Ne2 38. Qf2 {[%emt 0:00:02] Against Qg1+} Bh4 39. Qe3 Nxf4 40. Qxf4 Bf2 {[%emt 0:00:13] Weighted Error Value: White=0.83/Black=0.19 (very precise)} 0-1